 Dungeon Crawl Stone Soup version 0.30.1-1-g62c8e00024 (webtiles) character file.

Game seed: 5914171621768257457

182 Peloso the Covered (level 5, -11/47 HPs)
             Began as a Minotaur Fighter on July 17, 2023.
             Killed by nerve-wracking pain
             ... invoked by Menkaure
              (14 damage)
             ... on level 4 of the Dungeon.
             The game lasted 00:03:45 (2512 turns).

Peloso the Covered (Minotaur Fighter)               Turns: 2512, Time: 00:03:45

Health: -11/47     AC:  8    Str: 20    XL:     5   Next: 34%
Magic:  4/4        EV:  9    Int:  5    God:
Gold:   175        SH:  5    Dex: 12    Spells: 4/4 levels left

rFire   . . .        a - +0 long sword
rCold   . . .        d - +0 buckler
rNeg    . . .        b - +0 scale mail
rPois   .            (helmet restricted)
rElec   .            (no cloak)
rCorr   .            (no gloves)
SInv    .            c - +0 pair of boots
Will    .....        (no amulet) Stlth
                     (no ring)
HPRegen 0.27/turn    (no ring)
MPRegen 0.09/turn

%: no passive effects
@: no status effects
A: horns 2, retaliatory headbutt
a: no special abilities


You were on level 4 of the Dungeon.
You visited 1 branch of the dungeon, and saw 4 of its levels.

You collected 175 gold pieces.

Inventory:

Hand Weapons
 a - a +0 long sword (weapon)
Armour
 b - a +0 scale mail (worn)
 c - a +0 pair of boots (worn)
 d - a +0 buckler (worn)
Scrolls
 e - a scroll of identify
 f - 2 scrolls of vulnerability {unknown}
 h - a scroll of silence {unknown}
 i - a scroll of immolation
 n - a scroll of noise {unknown}
Potions
 g - a potion of brilliance
 j - a potion of heal wounds
 k - a potion of haste {unknown}
 l - a potion of might
 m - a potion of flight {unknown}


   Skills:
 + Level 4.3 Fighting
 + Level 4.6 Long Blades
 + Level 4.9 Armour
 + Level 0.7 Dodging
 + Level 4.3 Shields


You had 4 spell levels left.
You didn't know any spells.
Your spell library contained the following spells:

 Spells                   Type           Power      Damage    Failure   Level
 Necrotise                Necr           0%         1d4       87%         1
 Inner Flame              Hex/Fire       0%         N/A       99%         3
 Vampiric Draining        Necr           0%         2d6       99%         3
 Agony                    Necr           0%         N/A       100%        5
 Yara's Violent Unravell  Hex/Tmut       0%         3d3       100%        5
 Enfeeble                 Hex            0%         N/A       100%        7


Dungeon Overview and Level Annotations

Branches:
Dungeon (4/15)
 Temple: D:4-7

Altars:

Annotations:
D:3 2 transporters
D:4 Menkaure


Innate Abilities, Weirdness & Mutations

You have a pair of horns on your head.
You reflexively headbutt those who attack you in melee.


Message History

The adder is almost dead.
The adder bites you. The adder barely misses you.
You slash the adder!
You kill the adder!
You pick up a book of Misfortune and begin reading...
You add the spells Inner Flame, Yara's Violent Unravelling and Enfeeble to your library.
You now have 175 gold pieces (gained 7).
Menkaure, Prince of Dust comes into view.
Menkaure shouts!
Menkaure is nearby!
Menkaure is nearby!
Menkaure is nearby!
A goblin comes into view. It is wielding a +0 dagger.
Found 8 stones.
The goblin shouts!
You hit Menkaure but do no damage.
Menkaure calls on the powers of darkness!
Your body is wracked with pain!
The goblin convulses!
You hit Menkaure.
Menkaure is lightly damaged.
Menkaure calls on the powers of darkness!
Your body is wracked with pain!
* * * LOW HITPOINT WARNING * * *
You barely miss Menkaure.
Menkaure is lightly damaged.
Menkaure mumbles some strange words.
Menkaure seems to speed up.
You closely miss Menkaure.
Menkaure is lightly damaged.
Menkaure completely misses you.
You hit Menkaure. Your headbutt misses Menkaure.
Menkaure is moderately damaged.
You block Menkaure's attack. You block the goblin's attack. Menkaure hits you!
* * * LOW HITPOINT WARNING * * *
You hit Menkaure.
Menkaure is moderately damaged.
The goblin hits you but does no damage.
Menkaure gestures at you while chanting.
Pain shoots through your body!
You die...

#...........#
#.......[...##
#............#
#............#
##...........##
#............#
#...(........##
#.............##
##...........@.#
#..........g.M.#
#............#..#
#..........##...#
.........## ...#
.......## #....
....## #.(. ###
#..


You could see Menkaure (fast) and a goblin.

Vanquished Creatures
  4 gnolls
  8 adders
  2 worms (D:2)
  2 dart slugs
  2 orcs (D:3)
  5 endoplasms
  6 giant cockroaches
  4 goblins
  5 hobgoblins
  5 jackals
  4 kobolds
  A quokka (D:2)
  3 ball pythons (D:1)
  3 bats
  A frilled lizard (D:1)
  10 rats
65 creatures vanquished.

Notes
Turn   | Place    | Note
-------+----------+-------------------------------------------
     0 | D:1      | Peloso the Minotaur Fighter began the quest for the Orb.
     0 | D:1      | Reached XP level 1. HP: 19/19 MP: 0/0
   185 | D:1      | Reached XP level 2. HP: 27/27 MP: 1/1
   247 | D:1      | Found a faded altar of an unknown god.
   805 | D:2      | Reached XP level 3. HP: 26/33 MP: 2/2
   972 | D:2      | Reached XP level 4. HP: 21/40 MP: 3/3
  1503 | D:3      | Found a transporter.
  1505 | D:3      | Found a transporter.
  2079 | D:3      | Reached XP level 5. HP: 21/47 MP: 4/4
  2503 | D:4      | Noticed Menkaure
  2512 | D:4      | Killed from afar by Menkaure

Illustrated notes

Levels and vault maps discovered:
D:1:      erik_arrival_triangle_small, layout_loops_ring,
          shapermc_ecumenical_altar_acropolis, moated_statue,
          hangedman_decor_push
D:2:      layout_rooms, st_stairs_1
D:3:      gammafunk_wand_slinger, layout_loops_ring, nrook_campfire
D:4:      layout_cave_pods, mainiacjoe_overflow_catwalk_spiral,
          minmay_distorted, uniq_menkaure, uniq_sigmund

Skill      XL: |  1  2  3  4 |
---------------+-------------+-----
Armour         | 4 |  4.9
Fighting       | 4 |  4.3
Long Blades    | 3 4 |  4.6
Shields        | 4 |  4.3
Dodging        | |  0.7

Action                     |  1- 3 |  4- 6 || total
---------------------------+-------+-------++-------
  Melee: Long sword        |    81 |    82 ||   163
         Headbutt          |    16 |    13 ||    29
    Use: Scroll            |       |     6 ||     6
 Armour: Scale mail        |    53 |    32 ||    85
  Dodge: Dodged            |    53 |    32 ||    85
  Block: Buckler           |    23 |    23 ||    46
